 Dungeon Sprint DCSS version 0.24-a0-250-g6074511092 (webtiles) character file.

Game seed: 15488349970012193703

1661 Redear the Unseen (level 8, -14/48 HPs)
             Began as a Felid Fighter on Apr 15, 2019.
             Was the Champion of Cheibriados.
             Demolished by Donald
             ... wielding a +0 war axe of holy wrath
              (15 damage)
             ... in the Dungeon (Sprint III: "The Ten Rune Challenge").
             The game lasted 00:06:32 (1287 turns).

Redear the Unseen (Felid Fighter)                   Turns: 1287, Time: 00:06:33

Health: -14/48     AC:  5    Str: 27    XL:     8   Next: 69%
Magic:  9/9        EV: 37    Int: 28    God:    Cheibriados [******]
Gold:   3362       SH:  0    Dex: 31    Spells: 2/7 levels left
                                        Lives:  0   Deaths: 3

rFire    . . .     SeeInvis +     - Unarmed
rCold    . . .     Gourm    .   (shield unavailable)
rNeg     . . .     Faith    .   (armour unavailable)
rPois    .         Spirit   .   (helmet unavailable)
rElec    .         Reflect  .   (cloak unavailable)
rCorr    .         Harm     .   (gloves unavailable)
MR       +....     NoTele   +   (boots unavailable)
Stlth    ++++++++..             (no amulet)
HPRegen  0.16/turn              (no ring)
MPRegen  0.11/turn              (no ring)

@: very slow
A: very small, no armour, no weapons or thrown items, stealth, claws 1, fangs 3,
horns 1, rugged brown scales 1, slimy green scales 1, see invisible, carnivore,
speed 1, shaggy fur 2, slow metabolism 1, sharp paws
a: Bend Time, Temporal Distortion, Slouch, Step From Time, Renounce Religion


You were in the Dungeon.
You worshipped Cheibriados.
Cheibriados was exalted by your worship.
You were not hungry.

You visited 1 branch You collected 3962 gold pieces.
You spent 600 gold pieces at shops.

Inventory:

Wands
 A - a wand of acid (4)
 E - a wand of enslavement (11)
Scrolls
 c - a scroll of holy word {unknown}
 d - 2 scrolls of identify {unknown}
 h - a scroll of torment {unknown}
 B - a scroll of blinking {@r4}
 N - 4 scrolls of remove curse
Potions
 b - 4 potions of mutation {!q}
 e - a potion of flight {unknown}
 f - 2 potions of magic
 g - a potion of berserk rage
 H - a potion of haste {@q5}
Comestibles
 z - 14 rations


   Skills:
 + Level 13.0 Fighting
 + Level 16.3 Dodging
 + Level 17.1 Stealth
 + Level 13.3 Unarmed Combat


You had 2 spell levels left.
You knew the following spells:

 Your Spells              Type           Power        Failure   Level  Hunger
a - Confusing Touch       Hex            #.....       11%         1    ##.....
z - Animate Skeleton      Necr           N/A          11%         1    ##.....
R - Regeneration          Chrm/Necr      #.........   32%         3    ####...

Your spell library contained the following spells:

 Spells                   Type           Power        Failure   Level  Hunger
 Apportation              Tloc           #.....       11%         1    ##.....
 Pain                     Necr           #...         11%         1    ##.....
 Summon Small Mammal      Summ           #...         11%         1    ##.....
 Vampiric Draining        Necr           #.........   32%         3    ####...
 Animate Dead             Necr           N/A          73%         4    #####..


Dungeon Overview and Level Annotations

Branches:
Dungeon (1/1)

Altars:
Cheibriados
Dithmenos
Elyvilon
Fedhas
Gozag
Hepliaklqana
Kikubaaqudgha
Makhleb
Nemelex Xobeh
Okawaru
Qazlal
Ru
Sif Muna
Trog
Uskayaw
Vehumet
Wu Jian
Xom
Yredelemnul
Zin
The Shining One
Beogh
Jiyva
Lugonu

Annotations:
D Donald, Frances


Innate Abilities, Weirdness & Mutations

You cannot wear armour.
You are incapable of wielding weapons or throwing items.
Your paws allow you to move quietly. (Stealth)
You have sharp claws.
You have razor-sharp teeth.
You have supernaturally acute eyesight. (SInv)
You are carnivorous and can eat meat at any time.
You cover ground quickly.
You are covered in thick fur. (AC +2)
You have a slow metabolism.
Your sharp claws are effective at attacking unaware monsters.
You have a pair of small horns on your head.
You are partially covered in rugged brown scales. (AC +1, +3% HP)
You are partially covered in slimy green scales. (AC +2)


Message History

You mangle the sixfirhy!!
The sixfirhy is almost dead.
The sixfirhy hits you but does no damage.
The sixfirhy hits you! The sixfirhy shocks you! The sixfirhy hits you.
The sixfirhy shocks you!
You take 30 damage, and have 18/48 hp.
MASSIVE DAMAGE!!
You mangle the sixfirhy!!
You kill the sixfirhy!
Donald blocks your attack.
You headbutt Donald, but do no damage.
Donald is almost dead.
Donald completely misses you.
You claw Donald! Your headbutt misses Donald.
Donald is almost dead.
Donald hits you with a +0 war axe of holy wrath!!
* * * LOW HITPOINT WARNING * * *
You take 18 damage, and have 1/48 hp.
MASSIVE DAMAGE!!
Donald blocks your attack.
Donald is almost dead.
Donald hits you with a +0 war axe of holy wrath!
You die...

__###.##.....'.#...# e
._#.........##)#...##≈≈
'##........###)#...≈≈≈1
..#)))......##.#...##≈
..#)#..###.∩##))...#
#'#.#.###...########
..#'#####################
..#....#.#.#.)...#...^..+
..##.#..#.##.###@#..^...#
..'##.#.#.##.#3@##.^....#
..#.).#..#..##.@)..^....#
▓▓▓▓▓▓▓▓▓▓▓▓▓▓▓▓#.@.^.^.#
≈≈........≈≈≈...#.@^....#
≈≈≈≈≈≈≈≈≈≈≈≈♣♣P.'......^#
♣♣♣♣♣♣♣♣♣♣♣♣♣♣PP#..(..^.#
♣♣♣##'###### #.@.'.≈≈§≈


You could see Frances, Donald and a sixfirhy.

Vanquished Creatures
  Erolcha (D)
  An orc sorcerer (D)
  4 deep elf magi (D)
  2 spiny frogs (D)
  A komodo dragon (D)
  3 wandering mushrooms (D)
  2 redbacks (D)
  A shadow (D)
  A spatial vortex (D)
  A necrophage (D)
  5 two-headed ogres (D)
  A water elemental (D)
  Crazy Yiuf (D)
  A jelly (D)
  5 orc priests (D)
  3 orc wizards (D)
  Jessica (D)
  A wizard (D)
  A necromancer (D)
  3 humans (D)
  A kobold demonologist (D)
  2 oozes (D)
  9 orcs (D)
  A rat (D)
52 creatures vanquished.

Vanquished Creatures (others)
  2 draconian scorchers (D)
  A deep elf mage (D)
  6 hellions (D)
  A yaktaur (D)
  3 plants (D)
13 creatures vanquished.

Grand Total: 65 creatures vanquished

Notes
Turn   | Place    | Note
-------+----------+-------------------------------------------
     0 | D        | Redear the Felid Fighter began the quest for the Orb.
     0 | D        | Reached XP level 1. HP: 10/10 MP: 2/2
     9 | D        | Reached skill level 2 in Stealth
    12 | D        | Reached XP level 2. HP: 14/14 MP: 3/3
    33 | D        | Noticed Jessica
    40 | D        | Killed Jessica
    40 | D        | Reached skill level 4 in Fighting
    40 | D        | Reached skill level 5 in Dodging
    40 | D        | Reached skill level 4 in Stealth
    40 | D        | Reached skill level 5 in Unarmed Combat
    40 | D        | Reached XP level 3. HP: 18/18 MP: 4/4
    44 | D        | Noticed Crazy Yiuf
    49 | D        | Killed Crazy Yiuf
    49 | D        | Reached skill level 6 in Dodging
    49 | D        | Reached skill level 5 in Stealth
    53 | D        | Reached skill level 5 in Fighting
    53 | D        | Reached XP level 4. HP: 23/23 MP: 5/5
    60 | D        | Noticed a water elemental
    63 | D        | Killed a water elemental
    63 | D        | Reached skill level 7 in Dodging
    63 | D        | Reached skill level 7 in Stealth
    63 | D        | Reached skill level 6 in Unarmed Combat
    63 | D        | Reached XP level 5. HP: 27/27 MP: 6/6
    65 | D        | Found a glowing silver altar of Zin.
    66 | D        | Found a glowing golden altar of the Shining One.
    66 | D        | Found a white marble altar of Elyvilon.
    66 | D        | Noticed a deep elf mage
    70 | D        | Killed a deep elf mage
    70 | D        | Reached skill level 8 in Fighting
    70 | D        | Reached skill level 10 in Dodging
    70 | D        | Reached skill level 10 in Stealth
    70 | D        | Reached skill level 8 in Unarmed Combat
    70 | D        | Gained mutation: You are covered in thick fur. (AC +2)
                  | [Felid growth]
    70 | D        | Reached XP level 6. HP: 33/33 MP: 7/7
    70 | D        | Reached XP level 7. HP: 37/37 MP: 8/8
    73 | D        | Found a hide-covered altar of Uskayaw.
    73 | D        | Found a roughly hewn altar of Beogh.
    73 | D        | Found an iron altar of Okawaru.
    73 | D        | Found a bloodstained altar of Trog.
    73 | D        | Found an ornate altar of the Wu Jian Council.
    73 | D        | Noticed a human
    73 | D        | Noticed a human
    86 | D        | Killed a human
    86 | D        | Reached skill level 11 in Dodging
    86 | D        | Reached skill level 11 in Stealth
    86 | D        | Reached skill level 9 in Unarmed Combat
    88 | D        | Killed a human
    88 | D        | Reached skill level 9 in Fighting
    94 | D        | Found a basalt altar of Yredelemnul.
    94 | D        | Found a shadowy altar of Dithmenos.
    94 | D        | Found a sacrificial altar of Ru.
   104 | D        | Noticed a shadow
   106 | D        | Killed a shadow
   106 | D        | Reached skill level 12 in Stealth
   106 | D        | Reached XP level 8. HP: 35/42 MP: 9/9
   110 | D        | Reached skill level 12 in Dodging
   114 | D        | Found a blossoming altar of Fedhas.
   114 | D        | Found a stormy altar of Qazlal.
   114 | D        | Found a snail-covered altar of Cheibriados.
   114 | D        | Found a burning altar of Makhleb.
   114 | D        | Found a shimmering altar of Xom.
   115 | D        | Found a hazy altar of Hepliaklqana.
   115 | D        | Found an opulent altar of Gozag.
   115 | D        | Found a sparkling altar of Nemelex Xobeh.
   115 | D        | Found a corrupted altar of Lugonu.
   115 | D        | Found a viscous altar of Jiyva.
   117 | D        | Became a worshipper of Cheibriados the Contemplative
   119 | D        | Reached skill level 10 in Unarmed Combat
   125 | D        | Killed a hellion
   126 | D        | Killed a hellion
   127 | D        | Killed a hellion
   127 | D        | Killed a hellion
   136 | D        | Found a radiant altar of Vehumet.
   137 | D        | Found a deep blue altar of Sif Muna.
   137 | D        | Found an ancient bone altar of Kikubaaqudgha.
   142 | D        | Reached * piety under Cheibriados
   158 | D        | Killed a hellion
   169 | D        | Killed a hellion
   186 | D        | Slain by a two-headed ogre
   187 | D        | Reached XP level 7. HP: -5/39 MP: 8/8
   187 | D        | Noticed a wandering mushroom
   187 | D        | Noticed a wandering mushroom
   187 | D        | Noticed a wandering mushroom
   195 | D        | Killed a wandering mushroom
   195 | D        | Reached ** piety under Cheibriados
   195 | D        | Reached skill level 10 in Fighting
   195 | D        | Reached skill level 13 in Stealth
   216 | D        | Killed a white draconian scorcher
   224 | D        | Killed a white draconian scorcher
   432 | D        | Killed a wandering mushroom
   432 | D        | Reached skill level 13 in Dodging
   432 | D        | Reached XP level 8. HP: 43/43 MP: 9/9
   441 | D        | Killed a wandering mushroom
   447 | D        | Noticed a spiny frog
   447 | D        | Noticed a komodo dragon
   447 | D        | Noticed a spiny frog
   455 | D        | Killed a komodo dragon
   455 | D        | Reached *** piety under Cheibriados
   455 | D        | Reached skill level 14 in Stealth
   455 | D        | Reached skill level 11 in Unarmed Combat
   460 | D        | Killed a spiny frog
   460 | D        | Reached skill level 11 in Fighting
   467 | D        | Killed a spiny frog
   467 | D        | Reached skill level 14 in Dodging
   467 | D        | Reached XP level 9. HP: 24/48 MP: 10/10
   568 | D        | Reached **** piety under Cheibriados
   575 | D        | Reached skill level 15 in Stealth
   580 | D        | Noticed a two-headed ogre
   580 | D        | Noticed Erolcha
   589 | D        | Killed Erolcha
   589 | D        | Reached skill level 12 in Unarmed Combat
   596 | D        | Killed a two-headed ogre
   596 | D        | Reached skill level 12 in Fighting
   596 | D        | Reached skill level 15 in Dodging
   609 | D        | Killed a yaktaur
   834 | D        | Noticed a two-headed ogre
   844 | D        | Killed a two-headed ogre
   844 | D        | Reached ***** piety under Cheibriados
   844 | D        | Reached skill level 16 in Stealth
  1042 | D        | Gained mutation: You have a pair of small horns on your
                  | head. [potion of mutation]
  1042 | D        | Gained mutation: You are partially covered in rugged brown
                  | scales. (AC +1, +3% HP) [potion of mutation]
  1042 | D        | Gained mutation: You are partially covered in slimy green
                  | scales. (AC +2) [potion of mutation]
  1057 | D        | Noticed an orc sorcerer
  1058 | D        | Noticed an orange demon
  1072 | D        | Killed an orc sorcerer
  1072 | D        | Reached ****** piety under Cheibriados
  1072 | D        | Reached XP level 10. HP: 28/55 MP: 11/11
  1087 | D        | Found Gealuff's Food Shoppe.
  1129 | D        | Bought a ration for 60 gold pieces
  1129 | D        | Bought a ration for 60 gold pieces
  1129 | D        | Bought a ration for 60 gold pieces
  1129 | D        | Bought a ration for 60 gold pieces
  1129 | D        | Bought a ration for 60 gold pieces
  1129 | D        | Bought a ration for 60 gold pieces
  1129 | D        | Bought a ration for 60 gold pieces
  1129 | D        | Bought a ration for 60 gold pieces
  1129 | D        | Bought a ration for 60 gold pieces
  1129 | D        | Bought a ration for 60 gold pieces
  1138 | D        | Learned a level 1 spell: Confusing Touch
  1142 | D        | Learned a level 3 spell: Regeneration
  1144 | D        | Learned a level 1 spell: Animate Skeleton
  1174 | D        | Noticed a deep elf mage
  1174 | D        | Noticed a deep elf mage
  1174 | D        | Noticed a deep elf mage
  1174 | D        | Noticed a deep elf mage
  1174 | D        | Noticed a deep elf mage
  1180 | D        | Noticed a deep elf annihilator
  1188 | D        | Killed a deep elf mage
  1190 | D        | Noticed a deep elf demonologist
  1190 | D        | Killed a deep elf mage
  1190 | D        | Reached skill level 16 in Dodging
  1190 | D        | Reached skill level 13 in Unarmed Combat
  1191 | D        | Noticed an Executioner
  1198 | D        | Killed from afar by a deep elf mage
  1199 | D        | Reached XP level 9. HP: 0/51 MP: 6/10
  1200 | D        | Killed a deep elf mage
  1202 | D        | Killed a deep elf mage
  1202 | D        | Reached skill level 13 in Fighting
  1202 | D        | Reached skill level 17 in Stealth
  1265 | D        | Noticed Donald
  1266 | D        | Noticed Frances
  1268 | D        | Noticed a sixfirhy
  1269 | D        | Noticed a sixfirhy
  1275 | D        | HP: 2/52 [sixfirhy[Frances] (4)]
  1275 | D        | Mangled by a sixfirhy
  1276 | D        | Reached XP level 8. HP: -8/48 MP: 9/9
  1286 | D        | HP: 1/48 [Donald/+0 war axe of holy wrath (18)]
  1287 | D        | Demolished by Donald

Levels and vault maps discovered:
D:        dungeon_sprint_mu [sprint_mu_entry_cave, sprint_mu_temple_rooms,
          sprint_mu_d1_spiders, sprint_mu_d2_genie, sprint_mu_d3_branching,
          sprint_mu_orc_legion, sprint_mu_elf_gauntlet, sprint_mu_hive_nellie,
          sprint_mu_lair_fedhas, sprint_mu_vaults_butterflies,
          sprint_mu_slime_circle, sprint_mu_swamp_cave, sprint_mu_shoals_kraken,
          sprint_mu_blade_basic, sprint_mu_crypt_chambers,
          sprint_mu_tomb_spiral, sprint_mu_vestibule_basic,
          sprint_mu_gehenna_hellfire, sprint_mu_dis_giant,
          sprint_mu_tartarus_statrot, sprint_mu_cocytus_islands, sprint_mu_zot1]

Skill      XL: |  1  2  3  4  5  6  7  8  9 10 |
---------------+-------------------------------+-----
Stealth        | 2 4 5 7 10 13 14 17 | 17.1
Fighting       | 4 5 8 10 11 13 | 13.0
Dodging        | 5 6 7 10 13 14 15 16 | 16.3
Unarmed Combat | 5 6 8 9 11 12 13 | 13.3

Action                   |  1- 3 |  4- 6 |  7- 9 | 10-12 || total
-------------------------+-------+-------+-------+-------++-------
Melee: Unarmed           |    16 |     4 |   144 |    28 ||   192
       Bite              |     2 |     1 |    23 |     2 ||    28
       Punch             |       |       |     9 |     5 ||    14
       Headbutt          |       |       |     8 |    10 ||    18
 Cast: Animate Skeleton  |       |       |       |     4 ||     4
Invok: Bend Time         |       |       |     1 |       ||     1
       Temporal Distorti |       |       |       |     2 ||     2
  Use: Potion            |     1 |       |     3 |     1 ||     5
 Stab: Sleeping          |     1 |     1 |     6 |       ||     8
       Distracted        |       |       |     1 |       ||     1
  Eat: Chunk             |       |       |    13 |       ||    13
Armor: Skin              |       |       |     4 |       ||     4
Dodge: Dodged            |    11 |     1 |   122 |    26 ||   160

Table legend:
 A = Non-vault XP
 B = Vault XP
 C = Vault XP percentage of total XP
 D = Non-vault monster count
 E = Vault monster count
 F = Vault count percentage of total count
                 A         B        C        D         E       F
            +---------+---------+-------+---------+---------+-------
      Total |       0 |    9152 | 100.0 |       0 |      53 | 100.0
            +---------+---------+-------+---------+---------+-------
          D |       0 |    9152 | 100.0 |       0 |      53 | 100.0
            +---------+---------+-------+---------+---------+-------
